 Dungeon Crawl Stone Soup version 0.29.1-12-g30fa7ad0bf (webtiles) character file.

Game seed: 9397523183507898490

686 croobank the Insei (level 7, -3/46 HPs)
             Began as an Octopode Transmuter on Jan 1, 2023.
             Was an Initiate of Sif Muna.
             Slain by a gnoll bouda
             ... wielding a +0 club
              (9 damage)
             ... on level 5 of the Dungeon.
             The game lasted 00:13:12 (6561 turns).

croobank the Insei (Octopode Transmuter)            Turns: 6561, Time: 00:13:12

Health: -3/46      AC:  1    Str:  9    XL:     7   Next: 62%
Magic:  19/21      EV: 14    Int: 18    God:    Sif Muna [......]
Gold:   241        SH:  0    Dex: 12    Spells: 3/13 levels left

rFire   . . .      SeeInvis .   a - +5 short sword
rCold   . . .      Faith    .   (no shield)
rNeg    . . .      Spirit   .   (helmet currently unavailable)
rPois   .          Reflect  .   (no amulet)
rElec   .          Harm     .   g - ring of magical power
rCorr   .          Rampage  .   (no ring)
Will    .....                   (no ring)
Stlth   ++........              (no ring)
HPRegen 0.15/turn               (no ring)
MPRegen 0.17/turn               (no ring)
                                (no ring)
                                (no ring)

@: lethally poisoned (-3 -> -21), appendages, weakened, wereblooded
A: tentacle spike 3, almost no armour, amphibious, 8 rings, camouflage 1,
gelatinous body 1, (nimble swimmer 1), tentacles
a: End Transformation, Renounce Religion


You were on level 5 of the Dungeon.
You worshipped Sif Muna.
Sif Muna was noncommittal.
One of your tentacles had grown a beastly spike.
You visited 2 branches of the dungeon, and saw 6 of its levels.

You collected 241 gold pieces.

Inventory:

Hand Weapons
 a - a +5 short sword (weapon)
 b - a +0 sling
 i - a +0 hand axe
 m - a +2 flail of draining
 t - a +1 dagger of venom
Missiles
 r - 9 poisoned darts
Magical Staves
 o - a staff of air
Jewellery
 g - a ring of magical power (left tentacle)
 u - a ring of wizardry
Wands
 c - a wand of polymorph (7)
 q - a wand of iceblast (8)
Scrolls
 e - 2 scrolls of butterflies
 p - a scroll of immolation
 s - a scroll of vulnerability
Potions
 d - 2 potions of cancellation
 f - 2 potions of berserk rage
 h - a potion of magic
 j - 3 potions of mutation
 k - a potion of attraction
 l - 3 potions of flight
 n - 3 potions of lignification
 v - 2 potions of curing {unknown}


   Skills:
 + Level 3.1 Fighting
 + Level 1.9 Short Blades
 + Level 3.7 Dodging
 - Level 3.7 Unarmed Combat
 + Level 3.5 Spellcasting
 + Level 3.6 Transmutations
 + Level 1.0 Ice Magic
 + Level 3.1 Poison Magic
 + Level 1.6 Invocations


You had 3 spell levels left.
You knew the following spells:

 Your Spells              Type           Power      Damage    Failure   Level
a - Beastly Appendage     Tmut           32%        N/A       3%          1
b - Wereblood             Tmut           16%        N/A       5%          2
c - Spider Form           Tmut/Pois      15%        N/A       12%         3
d - Ice Form              Ice/Tmut       11%        N/A       52%         4

Your spell library contained the following spells:

 Spells                   Type           Power      Damage    Failure   Level
 Dispersal                Tloc           1%         N/A       100%        6
 Disjunction              Tloc           1%         N/A       100%        8


Dungeon Overview and Level Annotations

Branches:
Dungeon (5/15)             Temple (1/1) D:4

Altars:
Ashenzari
Cheibriados
Fedhas
Hepliaklqana
Kikubaaqudgha
Makhleb
Nemelex Xobeh
Sif Muna
Trog
Uskayaw
Xom
The Shining One

Annotations:
D:4 1 runed translucent door, Crazy Yiuf


Innate Abilities, Weirdness & Mutations

One of your tentacles has grown a beastly spike.
You cannot wear most types of armour.
You are amphibious.
You can wear up to eight rings at the same time.
Your skin changes colour to match your surroundings (Stealth+).
Your rubbery body absorbs attacks. (AC +1, EV +1)
((You are camouflaged when in or above water. (Stealth+)))
You have tentacles for arms and can constrict up to eight enemies at once.


Message History

Casting: Beastly Appendage (safe; 3% risk of failure)
Confirm with . or Enter, or press ? or * to list all spells.
Your blood is infused with primal strength.
The gnoll bouda barks out a call to the hunt!
The gnolls pick up the pace!
You hear a shout!
You hit the gnoll. You grab the gnoll.
You pierce the gnoll.
You squeeze the gnoll.
The gnoll is severely wounded.
You constrict the gnoll. The gnoll hits you with a +0 club!
You hit the gnoll.
You feel a bit better.
You kill the gnoll!
Sif Muna accepts your kill.
The gnoll bouda gazes fiercely through you!
You feel your attacks grow feeble.
The gnoll hits you with a +0 whip of venom!
You are poisoned.
You hit the gnoll bouda but do no damage.
Your grab misses the gnoll bouda.
You pierce the gnoll bouda.
Your squeeze misses the gnoll bouda.
The gnoll bouda is lightly wounded.
You feel sick.
A gnoll comes into view. It is wielding a +0 whip.
The gnoll hits you from afar with a +0 spear.
The gnoll bouda hits you with a +0 club.
The gnoll hits you with a +0 whip of venom.
You are lethally poisoned!
You barely miss the gnoll bouda.
The gnoll shouts!
You grab the gnoll bouda.
You squeeze the gnoll bouda, but do no damage.
The gnoll bouda is lightly wounded.
You constrict the gnoll bouda.
* * * LOW HITPOINT WARNING * * *
You feel very sick.
You hear a shout!
The gnoll hits you from afar with a +0 spear.
* * * LOW HITPOINT WARNING * * *
The gnoll bouda hits you with a +0 club!
You die...

.... ##.........#
..... #..........#
..... ##..........#
...... #...........#
......# #...........#
.......###...........#
......gg.#...........#
......##gg..........##
..... ##@..........#
.gg. ###.######### ...
#^# .g ..# . ...#
..#.. ..###.


You could see a gnoll bouda and 3 gnolls.

Vanquished Creatures
  Menkaure (D:4)
  A phantom (D:5)
  Blork the orc (D:4)
  A kobold brigand (D:4)
  A scorpion (D:3)
  A hound (D:4)
  Natasha (thrice) (D:3)
  2 orc wizards (D:4)
  A gnoll (D:5)
  4 adders
  An ufetubus (D:4)
  4 dart slugs
  9 orcs
  5 ball pythons
  8 bats
  5 endoplasms
  4 giant cockroaches
  5 goblins
  8 hobgoblins
  5 jackals (D:4)
  13 kobolds
  3 quokkas
  2 frilled lizards
  5 rats
93 creatures vanquished.

Notes
Turn   | Place    | Note
-------+----------+-------------------------------------------
     0 | D:1      | croobank the Octopode Transmuter began the quest for the
                  | Orb.
     0 | D:1      | Reached XP level 1. HP: 13/13 MP: 3/3
    38 | D:1      | Reached XP level 2. HP: 2/18 MP: 5/5
   444 | D:1      | Learned a level 2 spell: Wereblood
   668 | D:1      | You fall into a shaft and drop 1 floor!
  1146 | D:1      | Found a faded altar of an unknown god.
  1284 | D:2      | Reached XP level 3. HP: 23/23 MP: 2/6
  1288 | D:2      | Learned a level 3 spell: Spider Form
  1674 | D:2      | Found a snail-covered altar of Cheibriados.
  1917 | D:2      | Reached XP level 4. HP: 27/29 MP: 3/7
  2496 | D:3      | Noticed Natasha
  2502 | D:3      | Killed Natasha
  2503 | D:3      | Reached skill level 1 in Poison Magic
  2528 | D:3      | Noticed a scorpion
  2747 | D:3      | Noticed Natasha
  2753 | D:3      | Killed Natasha
  2754 | D:3      | Reached XP level 5. HP: 34/34 MP: 9/9
  3237 | D:3      | Noticed Natasha
  3244 | D:3      | Killed Natasha
  3682 | D:4      | Reached XP level 6. HP: 26/41 MP: 10/10
  4256 | D:4      | Found a staircase to the Ecumenical Temple.
  4272 | Temple   | Entered the Ecumenical Temple
  4300 | Temple   | Became a worshipper of Sif Muna the Loreminder
  4850 | D:4      | Noticed Blork the orc
  4859 | D:4      | Killed Blork the orc
  4860 | D:4      | Reached skill level 1 in Short Blades
  5077 | D:4      | Noticed Menkaure
  5085 | D:4      | Killed Menkaure
  5086 | D:4      | Reached skill level 1 in Invocations
  5086 | D:4      | Reached XP level 7. HP: 19/45 MP: 11/11
  5278 | D:4      | Learned a level 4 spell: Ice Form
  6157 | D:4      | Found a runed translucent door.
  6158 | D:4      | Noticed Crazy Yiuf
  6416 | D:5      | Entered Level 5 of the Dungeon
  6468 | D:5      | Reached skill level 1 in Ice Magic
  6561 | D:5      | Slain by a gnoll bouda

Illustrated notes

Levels and vault maps discovered:
D:1:      minmay_arrival_four_circles, layout_basic,
          shapermc_ecumenical_altar_notcrosses
D:2:      layout_loops_ring, basic_altar
D:3:      layout_loops_ring, uniq_natasha
D:4:      layout_loops_ring, minmay_temple_entry_offerings, serial_glass,
          glass_columns_c, glass_columns_b, glass_columns_a, item_on_display_a,
          due_unseen_surprise, minmay_starry_boxes, uniq_blork_the_orc,
          uniq_menkaure, uniq_crazy_yiuf_cottage
D:5:      layout_cave_pods, pdpol_temple_overflow_zin_treasury_gozag_greed,
          uniq_grinder, uniq_edmund
Temple:   chequers_temple_sunken

Skill      XL: |  1  2  3  4  5  6  7 |
---------------+----------------------+-----
Fighting       | 2 3 |  3.1
Poison Magic   | 1 2 3 |  3.1
Dodging        | 3 |  3.7
Transmutations | 3 |  3.6
Spellcasting   | 3 |  3.5
Short Blades   | 1 |  1.9
Invocations    | 1 |  1.6
Ice Magic      | 1 |  1.0
Unarmed Combat | |  3.7

Action                   |  1- 3 |  4- 6 |  7- 9 || total
-------------------------+-------+-------+-------++-------
Melee: Unarmed           |    14 |       |       ||    14
       Constrict         |    19 |    24 |    10 ||    53
       Kick              |    11 |    28 |    14 ||    53
       Tentacles         |    14 |    19 |    11 ||    44
       Punch             |     3 |     2 |     1 ||     6
       Short sword       |    45 |    88 |    40 ||   173
 Cast: Beastly Appendage |    17 |    25 |    11 ||    53
       Wereblood         |    15 |    22 |    10 ||    47
  Use: Scroll            |       |    12 |     4 ||    16
 Stab: Sleeping          |     3 |     2 |     1 ||     6
Armor: Skin              |     4 |     1 |     2 ||     7
Dodge: Dodged            |    46 |    48 |    19 ||   113
